TOP OF THE 1ST |
Battle Ground Aeros batting - Pitching for Atlantic City Sonics : RHP Roberto Calderón
|
Pitching: RHP Roberto Calderón
|
|
Batting: RHB Enrico Betancourt
|
0-0: Ball 1-0: Ball 2-0: Reached on error, E1 (Groundball, 13S)
|
Batting: LHB Dave Smerdon
|
0-0: Foul Ball, location: 2F 0-1: Ball 1-1: Ball 2-1: Called Strike 2-2: Strikes out swinging
|
Batting: RHB Broderick Terry
|
0-0: Called Strike 0-1: Ball 1-1: Fly out, F5 (Line Drive, 56)
|
Batting: SHB Juan Torres
|
0-0: Called Strike Enrico Betancourt steals 2nd base 0-1: Ball 1-1: Ball 2-1: Ball 3-1: Called Strike 3-2: Ground out 4-3 (Groundball, 4)
|
Top of the 1st over - 0 run(s), 0 hit(s), 1 error(s), 1 left on base; Battle Ground 0 - Atlantic City 0 |
BOTTOM OF THE 1ST |
Atlantic City Sonics batting - Pitching for Battle Ground Aeros : LHP Phil Miller
|
Pitching: LHP Phil Miller
|
|
Batting: RHB Arturo Maldonado
|
0-0: Called Strike 0-1: Swinging Strike 0-2: SINGLE (Flyball, 8RS)
|
Batting: RHB Luis Garza
|
0-0: Swinging Strike 0-1: Fly out, F8 (Flyball, 8LM)
|
Batting: RHB Arturo Rochel
|
0-0: Called Strike 0-1: Ball 1-1: Ball 2-1: Called Strike 2-2: Ball 3-2: Ground out 6-3 (Groundball, 6M) Arturo Maldonado to second
|
Batting: RHB John Schnatter
|
0-0: Called Strike 0-1: Ball 1-1: Ball 2-1: Ball 3-1: Base on Balls
|
Batting: LHB Dale Parkinson
|
0-0: Ground out 4-3 (Groundball, 34)
|
Bottom of the 1st over - 0 run(s), 1 hit(s), 0 error(s), 2 left on base; Battle Ground 0 - Atlantic City 0 |
TOP OF THE 2ND |
Battle Ground Aeros batting - Pitching for Atlantic City Sonics : RHP Roberto Calderón
|
Batting: RHB Jeffrey Jones
|
0-0: Ball 1-0: Ball 2-0: Ground out 4-3 (Groundball, 4)
|
Batting: SHB Arnold Bunch
|
0-0: Ball 1-0: Foul Ball, location: 2F 1-1: Foul Ball, location: 2F 1-2: SINGLE (Groundball, 34D)
|
Batting: RHB Carlos Soto
|
0-0: Foul Ball, location: 2F 0-1: Ball 1-1: SINGLE (Flyball, 7LM) Arnold Bunch to second
|
Batting: RHB Bennett Whitaker
|
0-0: Called Strike 0-1: Swinging Strike 0-2: Ball 1-2: Ball 2-2: Grounds into double play, 4-6-3 (Groundball, 4M)
|
Top of the 2nd over - 0 run(s), 2 hit(s), 0 error(s), 1 left on base; Battle Ground 0 - Atlantic City 0 |
BOTTOM OF THE 2ND |
Atlantic City Sonics batting - Pitching for Battle Ground Aeros : LHP Phil Miller
|
Batting: LHB Salvador Avilés
|
0-0: Called Strike 0-1: Ball 1-1: Fly out, F8 (Flyball, 8RS)
|
Batting: RHB Brady Bess
|
0-0: Ball 1-0: Called Strike 1-1: Ball 2-1: Ball 3-1: Foul Ball, location: 2F 3-2: Foul Ball, location: 2F 3-2: Base on Balls
|
Batting: SHB David Snyder
|
0-0: Called Strike 0-1: SINGLE (Groundball, 56D) (infield hit) Brady Bess to second
|
Batting: LHB Kip Burks
|
0-0: Foul Ball, location: 2F 0-1: Swinging Strike 0-2: Strikes out swinging
|
Batting: RHB Arturo Maldonado
|
0-0: Called Strike 0-1: Fly out, F4 (Popup, 4M)
|
Bottom of the 2nd over - 0 run(s), 1 hit(s), 0 error(s), 2 left on base; Battle Ground 0 - Atlantic City 0 |
TOP OF THE 3RD |
Battle Ground Aeros batting - Pitching for Atlantic City Sonics : RHP Roberto Calderón
|
Batting: RHB José Rodríguez
|
0-0: Ball 1-0: Fly out, F8 (Flyball, 8RM)
|
Batting: RHB Enrico Betancourt
|
0-0: Ball 1-0: Ground out U3 (Groundball, 3)
|
Batting: LHB Dave Smerdon
|
0-0: Swinging Strike 0-1: Called Strike 0-2: Ground out 4-3 (Groundball, 4)
|
Top of the 3rd over - 0 run(s), 0 hit(s), 0 error(s), 0 left on base; Battle Ground 0 - Atlantic City 0 |
BOTTOM OF THE 3RD |
Atlantic City Sonics batting - Pitching for Battle Ground Aeros : LHP Phil Miller
|
Batting: RHB Luis Garza
|
0-0: Swinging Strike 0-1: Ball 1-1: Swinging Strike 1-2: Ball 2-2: Fly out, F7 (Flyball, 78M)
|
Batting: RHB Arturo Rochel
|
0-0: Foul Ball, location: 2F 0-1: Called Strike 0-2: Strikes out swinging
|
Batting: RHB John Schnatter
|
0-0: Ball 1-0: Called Strike 1-1: Ball 2-1: Reached on Error, E9 (Flyball, 9M)
|
Batting: LHB Dale Parkinson
|
0-0: Ground out 4-3 (Groundball, 4)
|
Bottom of the 3rd over - 0 run(s), 0 hit(s), 1 error(s), 1 left on base; Battle Ground 0 - Atlantic City 0 |
TOP OF THE 4TH |
Battle Ground Aeros batting - Pitching for Atlantic City Sonics : RHP Roberto Calderón
|
Batting: RHB Broderick Terry
|
0-0: Foul Ball, location: 2F 0-1: SINGLE (Line Drive, 89S)
|
Batting: SHB Juan Torres
|
0-0: Foul Ball, location: 2F 0-1: Fly out, F9 (Line Drive, 89S)
|
Batting: RHB Jeffrey Jones
|
0-0: Fly out, F7 (Flyball, 7M)
|
Batting: SHB Arnold Bunch
|
0-0: Ball 1-0: Called Strike 1-1: Ball 2-1: SINGLE (Line Drive, 8RS) Broderick Terry to second
|
Batting: RHB Carlos Soto
|
0-0: Fielders Choice at 2nd, U4 (Groundball, 4M)
|
Top of the 4th over - 0 run(s), 2 hit(s), 0 error(s), 2 left on base; Battle Ground 0 - Atlantic City 0 |
BOTTOM OF THE 4TH |
Atlantic City Sonics batting - Pitching for Battle Ground Aeros : LHP Phil Miller
|
Batting: LHB Salvador Avilés
|
0-0: Ball 1-0: SINGLE (Popup, 6MD)
|
Batting: RHB Brady Bess
|
0-0: Called Strike 0-1: Ball 1-1: Swinging Strike 1-2: Foul Ball, location: 2F 1-2: Foul Ball, location: 2F 1-2: Foul Ball, location: 2F 1-2: Strikes out looking
|
Batting: SHB David Snyder
|
0-0: Ball 1-0: Fly out, F9 (Flyball, 9LS)
|
Batting: LHB Kip Burks
|
0-0: Ground out 4-3 (Groundball, 4)
|
Bottom of the 4th over - 0 run(s), 1 hit(s), 0 error(s), 1 left on base; Battle Ground 0 - Atlantic City 0 |
TOP OF THE 5TH |
Battle Ground Aeros batting - Pitching for Atlantic City Sonics : RHP Roberto Calderón
|
Batting: RHB Bennett Whitaker
|
0-0: Ground out 5-3 (Groundball, 56S)
|
Batting: RHB José Rodríguez
|
0-0: Called Strike 0-1: SINGLE (Groundball, 56)
|
Batting: RHB Enrico Betancourt
|
0-0: Swinging Strike 0-1: Grounds into double play, 6-4-3 (Groundball, 6)
|
Top of the 5th over - 0 run(s), 1 hit(s), 0 error(s), 0 left on base; Battle Ground 0 - Atlantic City 0 |
BOTTOM OF THE 5TH |
Atlantic City Sonics batting - Pitching for Battle Ground Aeros : LHP Phil Miller
|
Batting: RHB Arturo Maldonado
|
0-0: Ground out 6-3 (Groundball, 6)
|
Batting: RHB Luis Garza
|
0-0: Ball 1-0: Bunt for hit - play at first, batter OUT! 3-4
|
Batting: RHB Arturo Rochel
|
0-0: Ball 1-0: Ball 2-0: Called Strike 2-1: Fly out, F3 (Popup, 3F)
|
Bottom of the 5th over - 0 run(s), 0 hit(s), 0 error(s), 0 left on base; Battle Ground 0 - Atlantic City 0 |
TOP OF THE 6TH |
Battle Ground Aeros batting - Pitching for Atlantic City Sonics : RHP Roberto Calderón
|
Batting: LHB Dave Smerdon
|
0-0: Called Strike 0-1: Swinging Strike 0-2: Ball 1-2: Foul Ball, location: 2F 1-2: Ball 2-2: Foul Ball, location: 2F 2-2: Strikes out swinging
|
Batting: RHB Broderick Terry
|
0-0: Called Strike 0-1: Swinging Strike 0-2: Strikes out swinging
|
Batting: SHB Juan Torres
|
0-0: Ball 1-0: Ball 2-0: Called Strike 2-1: Called Strike 2-2: Fly out, F7 (Flyball, 7LM)
|
Top of the 6th over - 0 run(s), 0 hit(s), 0 error(s), 0 left on base; Battle Ground 0 - Atlantic City 0 |
BOTTOM OF THE 6TH |
Atlantic City Sonics batting - Pitching for Battle Ground Aeros : LHP Phil Miller
|
Batting: RHB John Schnatter
|
0-0: Ball 1-0: Ball 2-0: TRIPLE (Flyball, 78XD)
|
Batting: LHB Dale Parkinson
|
0-0: Ball 1-0: SINGLE (Flyball, 7S) John Schnatter scores
|
Batting: LHB Salvador Avilés
|
0-0: Sac Bunt - play at second, runner OUT! 5-6
|
Batting: RHB Brady Bess
|
0-0: Called Strike 0-1: Foul Ball, location: 2F 0-2: Strikes out swinging
|
Batting: SHB David Snyder
|
0-0: Called Strike 0-1: Ball 1-1: Ball 2-1: Foul Ball, location: 2F 2-2: Foul Ball, location: 2F 2-2: Foul Ball, location: 2F 2-2: Ground out U3 (Groundball, 3S)
|
Bottom of the 6th over - 1 run(s), 2 hit(s), 0 error(s), 1 left on base; Battle Ground 0 - Atlantic City 1 |
TOP OF THE 7TH |
Battle Ground Aeros batting - Pitching for Atlantic City Sonics : RHP Roberto Calderón
|
Batting: RHB Jeffrey Jones
|
0-0: Called Strike 0-1: Swinging Strike 0-2: Foul Ball, location: 2F 0-2: Ball 1-2: Ball 2-2: Strikes out swinging
|
Batting: SHB Arnold Bunch
|
0-0: Ground out 4-3 (Groundball, 4)
|
Batting: RHB Carlos Soto
|
0-0: Ball 1-0: Called Strike 1-1: Ground out 6-3 (Groundball, 6)
|
Top of the 7th over - 0 run(s), 0 hit(s), 0 error(s), 0 left on base; Battle Ground 0 - Atlantic City 1 |
BOTTOM OF THE 7TH |
Atlantic City Sonics batting - Pitching for Battle Ground Aeros : LHP Phil Miller
|
Batting: LHB Kip Burks
|
0-0: Ground out 3-1 (Groundball, 3)
|
Batting: RHB Arturo Maldonado
|
0-0: Ball 1-0: Foul Ball, location: 2F 1-1: Ball 2-1: Ball 3-1: Base on Balls
|
Pinch Hitting: RHB Pedro Rivera
|
0-0: Ball 1-0: Ball 2-0: Foul Ball, location: 2F 2-1: Called Strike 2-2: Ball 3-2: Base on Balls Arturo Maldonado to second
|
Batting: RHB Arturo Rochel
|
0-0: Ball 1-0: Called Strike Pedro Rivera is caught stealing 2nd base 1-1: Ball 2-1: Ball 3-1: Swinging Strike 3-2: SINGLE (Groundball, 6M) Arturo Maldonado scores
|
Batting: RHB John Schnatter
|
0-0: Called Strike 0-1: Called Strike 0-2: Ball 1-2: Fly out, F8 (Flyball, 8RD)
|
Bottom of the 7th over - 1 run(s), 1 hit(s), 0 error(s), 1 left on base; Battle Ground 0 - Atlantic City 2 |
TOP OF THE 8TH |
Battle Ground Aeros batting - Pitching for Atlantic City Sonics : RHP Roberto Calderón
|
Now at SS: Bob Ethridge
|
|
Batting: RHB Bennett Whitaker
|
0-0: Fly out, F9 (Flyball, 9M)
|
Batting: RHB José Rodríguez
|
0-0: Called Strike 0-1: Foul Ball, location: 2F 0-2: Ball 1-2: Ground out U3 (Groundball, 3S)
|
Batting: RHB Enrico Betancourt
|
0-0: Called Strike 0-1: Ball 1-1: Ground out 5-3 (Groundball, 5S)
|
Top of the 8th over - 0 run(s), 0 hit(s), 0 error(s), 0 left on base; Battle Ground 0 - Atlantic City 2 |
BOTTOM OF THE 8TH |
Atlantic City Sonics batting - Pitching for Battle Ground Aeros : LHP Phil Miller
|
Pitching: LHP Josh Gilbert
|
|
Batting: LHB Dale Parkinson
|
0-0: Called Strike 0-1: Ground out 3-1 (Groundball, 34)
|
Batting: LHB Salvador Avilés
|
0-0: Ball 1-0: SINGLE (Groundball, 34D)
|
Batting: RHB Brady Bess
|
0-0: Ball 1-0: Foul Ball, location: 2F 1-1: Grounds into double play, 6-4-3 (Groundball, 6)
|
Bottom of the 8th over - 0 run(s), 1 hit(s), 0 error(s), 0 left on base; Battle Ground 0 - Atlantic City 2 |
TOP OF THE 9TH |
Battle Ground Aeros batting - Pitching for Atlantic City Sonics : RHP Roberto Calderón
|
Pitching: LHP Ted Wright
|
|
Batting: LHB Dave Smerdon
|
0-0: Swinging Strike 0-1: Foul Ball, location: 2F 0-2: Fly out, F8 (Flyball, 8RS)
|
Batting: RHB Broderick Terry
|
0-0: Called Strike 0-1: Ball 1-1: Foul Ball, location: 2F 1-2: Foul Ball, location: 2F 1-2: Strikes out swinging
|
Batting: SHB Juan Torres
|
0-0: Ball 1-0: Ground out 6-3 (Groundball, 6)
|
Top of the 9th over - 0 run(s), 0 hit(s), 0 error(s), 0 left on base; Battle Ground 0 - Atlantic City 2 |
|